MID
CLINTON LUMBERKINGS @ QUAD CITIES RIVER BANDITS
07/14/2098
 
TOP OF THE 1ST
Clinton LumberKings batting - Pitching for Quad Cities River Bandits : RHP Greg Larson
Pitching: RHP Greg Larson
Batting: LHB Carlos Rivera 0-0: Foul Ball, location: 3DF
0-1: Ball
1-1: Foul Ball, location: 2LF
1-2: Strikes out swinging
Batting: LHB Tommy Dwyer 0-0: Ball
1-0: Ball
2-0: Fly out, F8 (Flyball, 89M, EV 90.0 MPH)
Batting: RHB John Ramirez 0-0: Ball
1-0: Ground out 5-3 (Groundball, 56, EV 106.3 MPH)
Top of the 1st over - 0 runs, 0 hits, 0 errors, 0 left on base; Clinton 0 - Quad Cities 0
BOTTOM OF THE 1ST
Quad Cities River Bandits batting - Pitching for Clinton LumberKings : RHP Sam Beasley
Pitching: RHP Sam Beasley
Batting: RHB Alex Romero 0-0: Fly out, F7 (Flyball, 7, EV 91.3 MPH)
Batting: RHB Chad Erickson 0-0: Ball
1-0: Swinging Strike
1-1: Fly out, F9 (Flyball, 9, EV 84.4 MPH)
Batting: RHB Danny Malave 0-0: Ball
1-0: Ball
2-0: Fly out, F2 (Popup, 2LF, EV 92.5 MPH)
Bottom of the 1st over - 0 runs, 0 hits, 0 errors, 0 left on base; Clinton 0 - Quad Cities 0
TOP OF THE 2ND
Clinton LumberKings batting - Pitching for Quad Cities River Bandits : RHP Greg Larson
Batting: LHB Phil Campbell 0-0: Called Strike
0-1: Ground out 4-3 (Groundball, 4M, EV 102.5 MPH)
Batting: RHB Fernando Matos 0-0: Ball
1-0: Called Strike
1-1: Ball
2-1: Ball
3-1: Base on Balls
Batting: RHB Justin Coppola 0-0: Ball
1-0: Swinging Strike
1-1: Swinging Strike
1-2: Strikes out looking
Batting: LHB Nate Sheehy 0-0: Foul Ball, location: 7LMF
0-1: Fly out, F8 (Flyball, 8LD, EV 98.1 MPH)
Top of the 2nd over - 0 runs, 0 hits, 0 errors, 1 left on base; Clinton 0 - Quad Cities 0
BOTTOM OF THE 2ND
Quad Cities River Bandits batting - Pitching for Clinton LumberKings : RHP Sam Beasley
Batting: RHB James Woodard 0-0: Fly out, F7 (Flyball, 7D, EV 100.0 MPH)
Batting: RHB Cody Shuman 0-0: Foul Ball, location: 2F
0-1: Called Strike
0-2: Strikes out swinging
Batting: RHB Travis Goodman 0-0: Ground out U3 (Groundball, 34, EV 92.5 MPH)
Bottom of the 2nd over - 0 runs, 0 hits, 0 errors, 0 left on base; Clinton 0 - Quad Cities 0
TOP OF THE 3RD
Clinton LumberKings batting - Pitching for Quad Cities River Bandits : RHP Greg Larson
Batting: SHB Braeden Wilson 0-0: Ground out 5-3 (Groundball, 56, EV 106.3 MPH)
Batting: RHB Sean Flora 0-0: Called Strike
0-1: Ball
1-1: Foul Ball, location: 9LDF
1-2: Ball
2-2: Fly out, F8 (Line Drive, 8LM, EV 101.9 MPH)
Batting: LHB Carlos Rivera 0-0: Ball
1-0: Ball
2-0: Called Strike
2-1: Ball
3-1: Ground out U3 (Groundball, 3, EV 86.9 MPH)
Top of the 3rd over - 0 runs, 0 hits, 0 errors, 0 left on base; Clinton 0 - Quad Cities 0
BOTTOM OF THE 3RD
Quad Cities River Bandits batting - Pitching for Clinton LumberKings : RHP Sam Beasley
Batting: LHB Sam Latsch 0-0: TRIPLE (Line Drive, 78XD, EV 103.8 MPH)
Batting: RHB Ted Chapin 0-0: Ball
1-0: Swinging Strike
1-1: Ball
2-1: Called Strike
2-2: Foul Ball, location: 7LDF
2-2: DOUBLE (Line Drive, 9LM, EV 104.4 MPH)
Sam Latsch scores
Batting: RHB Paolo Couvreur 0-0: Foul Ball, location: 5F
0-1: Foul Ball, location: 9LDF
0-2: Strikes out swinging
Batting: RHB Alex Romero 0-0: Foul Ball, location: 2F
0-1: Ball
1-1: SINGLE (Flyball, 56D, EV 99.4 MPH)
Ted Chapin to third
Batting: RHB Chad Erickson 0-0: Foul Ball, location: 2F
0-1: Ball
1-1: Ball
2-1: Foul Ball, location: 2F
2-2: Ball
3-2: Base on Balls
Alex Romero to second
Batting: RHB Danny Malave 0-0: Ball
1-0: Foul Ball, location: 3SF
1-1: DOUBLE (Flyball, 8RXD, EV 103.1 MPH)
Ted Chapin scores
Alex Romero scores
Chad Erickson to third
Runner from 3rd tries for Home, SAFE, no throw by CF
Batting: RHB James Woodard 0-0: SINGLE (Groundball, 4MD, EV 100.0 MPH)
Danny Malave to third
Runner from 3rd tries for Home, SAFE, throw by CF to home
Batting: RHB Cody Shuman 0-0: Ball
1-0: Called Strike
1-1: Ball
2-1: DOUBLE (Line Drive, 9LD, EV 110.6 MPH)
James Woodard to third
Runner from 3rd tries for Home, SAFE, throw by RF to home
Batting: RHB Travis Goodman 0-0: Swinging Strike
0-1: Ball
1-1: Foul Ball, location: 3F
1-2: Foul Ball, location: 7LSF
1-2: Hit by Pitch
Pitching: RHP Miles Poore
Batting: LHB Sam Latsch 0-0: Foul Ball, location: 2F
0-1: Ball
1-1: Ball
2-1: Called Strike
2-2: Foul Ball, location: 5F
2-2: SINGLE (Line Drive, 7S, EV 95.0 MPH)
Cody Shuman to third
Travis Goodman to second
Batting: RHB Ted Chapin 0-0: Ball
1-0: Called Strike
1-1: SINGLE (Groundball, 3D, EV 98.1 MPH)
Cody Shuman scores
Travis Goodman to third
Sam Latsch to second
Batting: RHB Paolo Couvreur 0-0: Fly out, F9 (Line Drive, 9LM, EV 85.6 MPH)
Runner from 3rd tags up, SCORES, no throw by RF
Batting: RHB Alex Romero 0-0: Ground out 1-3 (Groundball, 13S, EV 73.8 MPH)
Bottom of the 3rd over - 8 runs, 8 hits, 0 errors, 2 left on base; Clinton 0 - Quad Cities 8
TOP OF THE 4TH
Clinton LumberKings batting - Pitching for Quad Cities River Bandits : RHP Greg Larson
Batting: LHB Tommy Dwyer 0-0: Ball
1-0: Ball
2-0: Swinging Strike
2-1: Foul Ball, location: 3F
2-2: Strikes out looking
Batting: RHB John Ramirez 0-0: Foul Ball, location: 5F
0-1: Swinging Strike
0-2: Foul Ball, location: 2RF
0-2: Strikes out swinging
Batting: LHB Phil Campbell 0-0: Called Strike
0-1: Swinging Strike
0-2: Strikes out swinging
Top of the 4th over - 0 runs, 0 hits, 0 errors, 0 left on base; Clinton 0 - Quad Cities 8
BOTTOM OF THE 4TH
Quad Cities River Bandits batting - Pitching for Clinton LumberKings : RHP Miles Poore
Batting: RHB Chad Erickson 0-0: Foul Ball, location: 2F
0-1: SINGLE (Groundball, 6S, EV 70.6 MPH) (infield hit)
Batting: RHB Danny Malave 0-0: Called Strike
0-1: Ball
1-1: Called Strike
1-2: Ball
2-2: Single, Error in OF, E8, batter to second base (Line Drive, 6MD, EV 100.6 MPH)
Chad Erickson to third
Batting: RHB James Woodard 0-0: Foul Ball, location: 9LMF
0-1: Swinging Strike
0-2: Ball
1-2: SINGLE (Line Drive, 34D, EV 106.9 MPH)
Chad Erickson scores
Danny Malave to third
Batting: RHB Cody Shuman 0-0: Ball
1-0: Foul Ball, location: 2F
1-1: Swinging Strike
1-2: Ball
2-2: Strikes out looking
Pitching: LHP Hector Trejo
Batting: RHB Travis Goodman 0-0: Called Strike
0-1: Ball
1-1: Foul Ball, location: 3F
1-2: Ball
2-2: Fly out, F8 (Flyball, 8RXD, EV 95.0 MPH)
Runner from 3rd tags up, SCORES, no throw by CF
Batting: LHB Sam Latsch 0-0: Called Strike
0-1: Ball
1-1: Foul Ball, location: 23F
1-2: Strikes out swinging
Bottom of the 4th over - 2 runs, 3 hits, 1 error, 1 left on base; Clinton 0 - Quad Cities 10
TOP OF THE 5TH
Clinton LumberKings batting - Pitching for Quad Cities River Bandits : RHP Greg Larson
Batting: RHB Fernando Matos 0-0: Called Strike
0-1: Called Strike
0-2: Foul Ball, location: 2F
0-2: SINGLE (Groundball, 34D, EV 95.6 MPH)
Batting: RHB Justin Coppola 0-0: Ball
1-0: Called Strike
1-1: Called Strike
1-2: Strikes out swinging
Batting: LHB Nate Sheehy 0-0: Ball
1-0: Grounds into double play, 6-4-3 (Groundball, 6, EV 86.9 MPH)
Top of the 5th over - 0 runs, 1 hit, 0 errors, 0 left on base; Clinton 0 - Quad Cities 10
BOTTOM OF THE 5TH
Quad Cities River Bandits batting - Pitching for Clinton LumberKings : LHP Hector Trejo
Batting: RHB Ted Chapin 0-0: Ball
1-0: Ball
2-0: Called Strike
2-1: Ball
3-1: Base on Balls
Batting: RHB Paolo Couvreur 0-0: Foul Ball, location: 9LDF
0-1: Ball
1-1: DOUBLE (Line Drive, 3D, EV 105.6 MPH)
Ted Chapin to third
Batting: RHB Alex Romero 0-0: Ground out 4-3 (Groundball, 4, EV 90.0 MPH)
Batting: RHB Chad Erickson 0-0: Called Strike
0-1: Foul Ball, location: 9LDF
0-2: Foul Ball, location: 7LSFF
0-2: Fly out, F7 (Flyball, 7LS, EV 88.1 MPH)
Batting: RHB Danny Malave 0-0: Ball
1-0: Ball
2-0: Ball
3-0: Called Strike
3-1: SINGLE (Groundball, 4MD, EV 94.4 MPH)
Ted Chapin scores
Paolo Couvreur to third
Runner from 3rd tries for Home, SAFE, throw by CF to home
Danny Malave to second
Batting: RHB James Woodard 0-0: Called Strike
0-1: Ball
1-1: DOUBLE (Flyball, 8RXD, EV 101.3 MPH)
Danny Malave scores
Batting: RHB Cody Shuman 0-0: Called Strike
0-1: Called Strike
0-2: Strikes out swinging
Bottom of the 5th over - 3 runs, 3 hits, 0 errors, 1 left on base; Clinton 0 - Quad Cities 13
TOP OF THE 6TH
Clinton LumberKings batting - Pitching for Quad Cities River Bandits : RHP Greg Larson
Batting: SHB Braeden Wilson 0-0: Ball
1-0: Ball
2-0: Foul Ball, location: 2F
2-1: Swinging Strike
2-2: Foul Ball, location: 2F
2-2: Foul Ball, location: 2F
2-2: Ball
3-2: Ground out 5-3 (Groundball, 56, EV 79.4 MPH)
Batting: RHB Sean Flora 0-0: Ball
1-0: Swinging Strike
1-1: Ball
2-1: Foul Ball, location: 2F
2-2: Strikes out looking
Batting: LHB Carlos Rivera 0-0: Fly out, F8 (Flyball, 8RS, EV 91.3 MPH)
Top of the 6th over - 0 runs, 0 hits, 0 errors, 0 left on base; Clinton 0 - Quad Cities 13
BOTTOM OF THE 6TH
Quad Cities River Bandits batting - Pitching for Clinton LumberKings : LHP Hector Trejo
Pitching: RHP Shane Mattila
Batting: RHB Travis Goodman 0-0: Ball
1-0: Foul Ball, location: 23FF
1-1: SINGLE (Flyball, 5D, EV 85.6 MPH)
Batting: LHB Sam Latsch 0-0: Foul Ball, location: 2F
0-1: Ball
1-1: Foul Ball, location: 2F
1-2: Ball
2-2: Strikes out swinging
Batting: RHB Ted Chapin 0-0: Ball
1-0: SINGLE (Line Drive, 8LS, EV 98.8 MPH)
Travis Goodman to second
Batting: RHB Paolo Couvreur 0-0: Foul Ball, location: 23F
0-1: Grounds into double play, 6-4-3 (Groundball, 6, EV 106.3 MPH)
Bottom of the 6th over - 0 runs, 2 hits, 0 errors, 1 left on base; Clinton 0 - Quad Cities 13
TOP OF THE 7TH
Clinton LumberKings batting - Pitching for Quad Cities River Bandits : RHP Greg Larson
Pinch Hitting: LHB Chris Cervantes 0-0: Foul Ball, location: 7LDF
0-1: Ball
1-1: Ball
2-1: Ball
3-1: Base on Balls
Pinch Hitting: RHB Vince Byrd 0-0: Called Strike
Chris Cervantes steals 2nd base (no throw)
0-1: Foul Ball, location: 9LDF
0-2: Strikes out swinging
Batting: LHB Phil Campbell 0-0: Ball
Chris Cervantes steals 3rd base
1-0: Ball
2-0: Ball
3-0: Called Strike
3-1: Swinging Strike
3-2: Foul Ball, location: 9LMF
3-2: Ground out 5-3 (Groundball, 56, EV 105.6 MPH)
Chris Cervantes scores
Batting: RHB Fernando Matos 0-0: Ball
1-0: Foul Ball, location: 9LMF
1-1: Foul Ball, location: 23FF
1-2: Ball
2-2: Strikes out swinging
Top of the 7th over - 1 run, 0 hits, 0 errors, 0 left on base; Clinton 1 - Quad Cities 13
BOTTOM OF THE 7TH
Quad Cities River Bandits batting - Pitching for Clinton LumberKings : RHP Shane Mattila
Now at 1B: Nate Taylor
Now in CF: Chris Cervantes
Batting: RHB Alex Romero 0-0: Ball
1-0: Fly out, F9 (Flyball, 9D, EV 103.1 MPH)
Batting: RHB Chad Erickson 0-0: Called Strike
0-1: Ball
1-1: Ball
2-1: Foul Ball, location: 5F
2-2: Ball
3-2: SINGLE (Line Drive, 78S, EV 102.5 MPH)
Batting: RHB Danny Malave 0-0: Ball
1-0: Called Strike
1-1: Grounds into double play, 4-6-3 (Groundball, 4, EV 107.5 MPH)
Bottom of the 7th over - 0 runs, 1 hit, 0 errors, 0 left on base; Clinton 1 - Quad Cities 13
TOP OF THE 8TH
Clinton LumberKings batting - Pitching for Quad Cities River Bandits : RHP Greg Larson
Batting: RHB Justin Coppola 0-0: Foul Ball, location: 5FF
0-1: Foul Ball, location: 23F
0-2: Foul Ball, location: 2F
0-2: Ball
1-2: Foul Ball, location: 9LSF
1-2: Strikes out swinging
Batting: LHB Nate Sheehy 0-0: Ball
1-0: Called Strike
1-1: Ball
2-1: Foul Ball, location: 2F
2-2: Ball
3-2: Strikes out swinging
Batting: SHB Braeden Wilson 0-0: Fly out, F9 (Flyball, 9LM, EV 76.9 MPH)
Top of the 8th over - 0 runs, 0 hits, 0 errors, 0 left on base; Clinton 1 - Quad Cities 13
BOTTOM OF THE 8TH
Quad Cities River Bandits batting - Pitching for Clinton LumberKings : RHP Shane Mattila
Batting: RHB James Woodard 0-0: DOUBLE (Flyball, 89XD, EV 93.1 MPH)
Batting: RHB Cody Shuman 0-0: Called Strike
0-1: Ball
1-1: Foul Ball, location: 3F
1-2: Strikes out swinging
Batting: RHB Travis Goodman 0-0: Ball
1-0: Ball
2-0: Foul Ball, location: 23F
2-1: DOUBLE (Flyball, 78XD, EV 103.1 MPH)
James Woodard scores
Batting: LHB Sam Latsch 0-0: Foul Ball, location: 5FF
0-1: Foul Ball, location: 2F
0-2: Ball
1-2: Foul Ball, location: 7LMF
1-2: Ball
2-2: Strikes out swinging
Batting: RHB Ted Chapin 0-0: Ball
1-0: SINGLE (Line Drive, 8RS, EV 98.1 MPH)
Travis Goodman to third
Runner from 3rd tries for Home, SAFE, throw by CF to home
Batting: RHB Paolo Couvreur 0-0: Ball
1-0: DOUBLE (Line Drive, 8LD, EV 105.6 MPH)
Ted Chapin to third
Batting: RHB Alex Romero 0-0: Ball
1-0: Ball
2-0: Ball
3-0: Foul Ball, location: 2F
3-1: Foul Ball, location: 9LSF
3-2: 3-RUN HOME RUN (Flyball, 9LD, EV 93.8 MPH), Distance : 345 ft
Pitching: RHP Nate Sharp
Batting: RHB Chad Erickson 0-0: Foul Ball, location: 25F
0-1: Ball
1-1: Fly out, F9 (Flyball, 9, EV 93.1 MPH)
Bottom of the 8th over - 5 runs, 5 hits, 0 errors, 0 left on base; Clinton 1 - Quad Cities 18
TOP OF THE 9TH
Clinton LumberKings batting - Pitching for Quad Cities River Bandits : RHP Greg Larson
Batting: RHB Sean Flora 0-0: Swinging Strike
0-1: Foul Ball, location: 23F
0-2: Strikes out swinging
Batting: LHB Carlos Rivera 0-0: Swinging Strike
0-1: Swinging Strike
0-2: Ball
1-2: DOUBLE (Flyball, 89XD, EV 100.6 MPH)
Batting: LHB Chris Cervantes 0-0: Ball
1-0: Fly out, F7 (Flyball, 7, EV 92.5 MPH)
Batting: RHB Nate Taylor 0-0: Ball
1-0: Ball
2-0: Called Strike
2-1: Swinging Strike
2-2: Ball
3-2: Reached on error, E6 (Groundball, 6, EV 84.4 MPH)
Pinch Hitting: RHB Josh Barker 0-0: DOUBLE (Flyball, 89D, EV 106.3 MPH)
Carlos Rivera scores
Nate Taylor to third
Batting: RHB Fernando Matos 0-0: Ball
1-0: Called Strike
1-1: Ball
2-1: Ground out 4-3 (Groundball, 34, EV 96.9 MPH)
Top of the 9th over - 1 run, 2 hits, 1 error, 2 left on base; Clinton 2 - Quad Cities 18
Tuesday, April 9th , 2024 - OOTP Baseball 24.11 Build 85